Map: Beckett Industries LE

Players

TerraN - Winner!

  • Race: Terran Terran

Erik

  • Race: Zerg Zerg
  • League: Master

Event: DreamHack SC2 Masters 2021 Summer

VOD

Have the link to the VOD?

Description

Time

  • Played on: May 19, 2021, 3:45 p.m.
  • Length: 23:13

All games in this series

Show
View Real Time Build Order
Export as new Build Order

TerraN Terran - Winner!

Build Orders: Reaper Expand, Hellion Banshee 

Get SALT Encoding   

  12  0:00  SCV  
  13  0:13  SCV  
  14  0:17  Supply Depot  
  14  0:25  SCV  
  15  0:38  SCV  
  15  0:40  Barracks  
  16  0:44  Refinery  
  16  0:51  SCV  
  17  1:03  SCV  
  18  1:15  SCV  
  19  1:27  Reaper, Orbital Command  
  20  1:40  Command Center  
  20  1:49  Supply Depot  
  20  1:53  SCV  
  21  1:59  Marine  
  22  2:05  SCV  
  23  2:09  Factory  
  23  2:13  Refinery  
  23  2:17  SCV  
  23  2:21  Barracks Reactor  
  24  2:29  SCV  
  25  2:41  SCV  
  25  2:55  SCV  
  26  3:02  Starport  
  26  3:05  Orbital Command  
  26  3:10  Hellion x2  
  26  3:12  SCV  
  31  3:18  Barracks Tech Lab  
  31  3:24  SCV  
  32  3:31  Hellion x2  
  32  3:32  SCV  
  37  3:36  SCV  
  37  3:39  Supply Depot  
  38  3:44  SCV  
  38  3:45  Banshee  
  38  3:48  SCV  
  43  3:49  Cloaking Field  
  43  3:57  SCV  
  43  3:59  Hellion  
  43  4:01  Hellion  
  48  4:05  SCV, Supply Depot  
  48  4:07  Barracks Tech Lab  
  49  4:16  SCV  
  50  4:20  SCV  
  50  4:23  Hellion  
  53  4:27  Hellion  
  53  4:28  SCV  
  53  4:30  Supply Depot  
  56  4:34  SCV  
  56  4:35  Banshee  
  60  4:41  SCV  
  61  4:46  SCV  
  62  5:00  Bunker, Supply Depot  
  62  5:03  SCV x2, Supply Depot  
  67  5:07  Marine, Siege Tank  
  67  5:08  Marine  
  69  5:17  SCV  
  69  5:21  SCV  
  69  5:23  Barracks  
  69  5:25  Barracks  
  69  5:26  Starport Reactor  
  69  5:28  Command Center  
  70  5:29  SCV  
  70  5:33  Engineering Bay  
  70  5:34  SCV  
  70  5:35  Engineering Bay  
  68  5:41  SCV  
  67  5:46  SCV  
  62  5:53  SCV  
  59  5:58  SCV  
  59  5:59  Marine, Stimpack  
  59  6:03  Refinery x2  
  61  6:04  Terran Infantry Armor Level 1, Terran Infantry Weapons Level 1  
  61  6:05  SCV  
  61  6:10  SCV  
  63  6:17  SCV, Marine  
  67  6:20  Barracks Reactor  
  67  6:22  SCV  
  67  6:24  Siege Tank  
  69  6:29  SCV  
  69  6:30  Starport Reactor  
  67  6:33  Barracks  
  67  6:34  SCV  
  67  6:35  Barracks, Marine  
  67  6:38  Marine x2  
  71  6:41  SCV  
  71  6:42  Orbital Command  
  71  6:46  SCV  
  73  6:49  Armory  
  73  6:53  SCV, Marine  
  75  6:56  Marine x2, Siege Tank  
  75  6:58  SCV  
  75  7:00  Marine  
  75  7:01  Marine  
  83  7:02  Orbital Command  
  83  7:06  SCV  
  84  7:10  SCV  
  84  7:11  Marine  
  84  7:13  Medivac x2  
  84  7:14  Marine x2  
  92  7:18  SCV, Marine  
  92  7:19  Marine  
  96  7:22  SCV  
  96  7:27  Barracks Tech Lab  
  96  7:28  SCV  
  96  7:29  Marine  
  98  7:30  SCV  
  98  7:31  Barracks Tech Lab  
  98  7:32  Marine x2  
  101  7:40  Supply Depot x2  
  101  7:41  Supply Depot x2  
  101  7:47  Combat Shield  
  101  7:48  Concussive Shells  
  101  7:49  Supply Depot  
  101  7:50  Supply Depot  
  101  7:58  Supply Depot  
  101  8:00  Supply Depot  
  101  8:01  Marine x5, Medivac x2  
  101  8:02  SCV x3, Marauder x2, Siege Tank  
  101  8:04  Supply Depot  
  120  8:07  Supply Depot  
  120  8:09  Missile Turret  
  120  8:14  SCV x3  
  120  8:15  Terran Infantry Armor Level 2  
  120  8:19  Marine x4  
  126  8:22  Marine  
  126  8:23  Marine  
  126  8:26  Marine  
  123  8:37  Marine x4, Siege Tank  
  123  8:38  Supply Depot x2  
  130  8:46  Marine x2  
  130  8:47  Marauder  
  134  8:49  Supply Depot  
  134  8:50  Supply Depot x2  
  134  8:55  Refinery, Marine x3  
  137  8:56  SCV, Factory  
  137  8:57  Refinery  
  137  8:59  Medivac  
  137  9:00  Medivac  
  142  9:04  Marine  
  142  9:05  Marine  
  144  9:16  Marine  
  143  9:18  Siege Tank  
  143  9:20  Marauder, Marine x3  
  143  9:22  Supply Depot  
  143  9:23  Marauder, Marine, Supply Depot  
  154  9:30  Sensor Tower  
  152  9:34  Marine  
  148  9:39  Marauder, Marine  
  148  9:41  Factory Tech Lab  
  149  9:50  Siege Tank  
  149  9:52  Marine  
  153  9:55  Marauder, Marine x2  
  153  9:56  Marine  
  153  9:59  Marine  
  151  10:01  Marauder  
  145  10:10  Marine  
  145  10:13  Marine x2  
  125  10:15  Marauder  
  125  10:16  Marine x2  
  125  10:20  Factory Tech Lab  
  118  10:22  Marine, Siege Tank  
  118  10:27  Marine  
  110  10:28  SCV x3  
  110  10:31  Marine x2  
  110  10:34  Marine  
  110  10:35  Marauder, Marine  
  107  10:39  Marine  
  107  10:40  SCV x2  
  106  10:42  Siege Tank  
  106  10:43  SCV  
  106  10:45  Marine  
  106  10:48  Marine  
  106  10:49  Marine  
  109  10:50  Terran Infantry Weapons Level 2  
  109  10:52  Marine  
  109  10:53  Marine  
  109  10:55  Marine  
  111  10:57  Marine, Siege Tank  
  111  11:03  Marine  
  116  11:06  Marine x2  
  116  11:10  Marine  
  119  11:11  Marine  
  119  11:14  Marauder  
  119  11:15  Marine, Medivac x2  
  119  11:16  Siege Tank  
  130  11:21  Marine  
  130  11:24  Marine x2  
  133  11:28  Marine  
  133  11:29  Marauder  
  129  11:33  Marine  
  129  11:35  Marine, Siege Tank  
  129  11:39  Marine  
  128  11:42  Marine x2  
  128  11:45  Marine  
  128  11:46  Medivac x2  
  132  11:47  SCV x3  
  132  11:51  Marauder, Marine  
  132  11:52  Marine  
  139  11:57  Marine  
  139  11:58  Command Center  
  139  11:59  SCV x3  
  139  12:00  Marine x2  
  145  12:03  Marine  
  145  12:04  Missile Turret  
  146  12:09  Marine  
  147  12:21  SCV x3  
  147  12:22  Marauder, Marine x3  
  155  12:24  Marauder  
  155  12:26  Marine  
  155  12:27  Marine  
  159  12:33  SCV  
  160  12:39  Marine, Missile Turret  
  160  12:40  Marine  
  160  12:42  Marine  
  160  12:43  Marine  
  164  12:44  Marine  
  164  12:51  Marine  
  166  12:53  Supply Depot  
  166  12:56  Siege Tank  
  169  13:03  Supply Depot  
  169  13:04  Terran Infantry Armor Level 3  
  169  13:05  Marine  
  170  13:24  Marine, Siege Tank  
  172  13:32  Siege Tank  
  172  13:33  Marine  
  175  13:34  Marauder  
  166  13:43  Terran Infantry Weapons Level 3  
  166  13:44  Terran Vehicle Weapons Level 1  
  166  13:46  SCV x3  
  169  13:56  Siege Tank  
  169  13:58  SCV, Marauder, Marine x2  
  169  14:00  Marine  
  178  14:03  Marine x2  
  178  14:04  Missile Turret  
  178  14:05  Marine  
  178  14:06  Ghost Academy  
  181  14:16  Marine x2  
  183  14:17  Marine, Siege Tank  
  183  14:19  Marine  
  183  14:21  Marine  
  189  14:28  Viking  
  166  14:40  Ghost  
  166  14:41  Marine x3  
  166  14:42  Marauder, Marine x2  
  166  14:59  Marine x3  
  157  15:01  Marauder  
  157  15:03  Marauder  
  157  15:04  Medivac  
  153  15:10  Marauder  
  147  15:24  Marauder x2, Marine x2  
  147  15:25  Marine  
  137  15:29  Marine  
  137  15:31  Marauder  
  134  15:41  Marine x2  
  134  15:42  Medivac  
  125  15:43  Marine  
  125  15:45  Marauder  
  125  15:46  Marauder  
  125  15:47  Marine  
  109  15:52  Marauder  
  107  15:59  Marine x2  
  107  16:00  Marine  
  108  16:05  Marine  
  108  16:07  Marauder x2  
  113  16:14  Marauder  
  113  16:17  Marine x2  
  110  16:18  Marine  
  110  16:23  Marine  
  110  16:25  Medivac  
  97  16:28  Marauder x2  
  97  16:30  Refinery  
  97  16:31  Refinery, Medivac  
  92  16:35  Marauder, Marine x2  
  92  16:36  Marine  
  97  16:41  Marine  
  97  16:43  Command Center  
  98  16:49  Marine  
  98  16:50  Marauder  
  98  16:52  Planetary Fortress  
  98  16:53  Marine x2  
  103  16:54  Marine  
  103  16:56  Marine  
  103  16:59  Marine  
  98  17:08  Marauder  
  98  17:10  Marine x2  
  98  17:11  Marine  
  98  17:12  Marine  
  98  17:14  SCV x3, Marauder  
  100  17:16  Marine  
  97  17:28  Marine x2  
  97  17:29  Marauder  
  100  17:30  Marine, Missile Turret  
  100  17:34  SCV x2, Marine  
  104  17:43  Marine x2  
  106  17:46  Marine  
  107  17:53  Medivac x2  
  107  17:58  Siege Tank  
  114  18:04  Siege Tank  
  117  18:08  Marine  
  117  18:10  Bunker, Marine  
  117  18:11  Marine  
  120  18:23  Viking x2  
  124  18:28  Ghost  
  124  18:31  Ghost  
  128  18:34  Marine  
  128  18:35  Marauder  
  128  18:38  Marine x2  
  128  18:39  Marine  
  134  18:51  Thor  
  134  18:52  Marine  
  140  18:56  Marauder, Marine  
  135  19:08  Marine x2  
  135  19:09  Marine, Viking x2  
  142  19:10  Marine x2  
  142  19:14  Marine  
  135  19:17  Marine  
  134  19:26  Marine x3  
  134  19:28  Marine x2  
  139  19:32  Marine  
  139  19:35  Marine  
  134  19:39  Thor, Viking x2  
  134  19:44  Marine x2  
  134  19:45  Marauder, Marine  
  148  19:46  Marine  
  148  19:49  Marine  
  145  19:52  Marine  
  145  19:55  Planetary Fortress  
  145  20:02  Marine x2  
  145  20:03  Marine x2  
  145  20:06  Marauder  
  151  20:07  Marine  
  151  20:09  Medivac, Viking  
  151  20:10  Marine  
  157  20:19  Hi-Sec Auto Tracking, Marine  
  157  20:20  Marine, Missile Turret x2  
  159  20:21  Marine, Ghost  
  159  20:25  Marine  
  159  20:27  Ghost  
  159  20:28  Marine  
  163  20:35  Missile Turret x2  
  164  20:36  Missile Turret  
  164  20:37  Marine x2  
  164  20:39  Medivac x2  
  170  20:45  Marine x2  
  170  20:46  Ghost  
  170  20:49  Ghost  
  174  20:55  Marine x3  
  178  21:03  Marine x2  
  176  21:13  Ghost, Marine x2, Medivac x2  
  176  21:14  Marine  
  176  21:15  Missile Turret  
  185  21:18  Marine  
  185  21:21  Marine x2  
  184  21:25  SCV x2  
  184  21:26  SCV x3  
  184  21:29  Orbital Command  
  184  21:30  Missile Turret  
  184  21:31  Marine x2  
  184  21:32  Marine  
  190  21:36  Marine  
  190  21:40  Marine x2  
  190  21:42  Marauder  
  189  21:49  Marine x2  
  189  21:50  Marine  
  192  21:54  Marine  
  192  21:56  Viking  
  192  21:58  Marine x2  
  197  22:03  Marine  
  197  22:07  Viking  
  196  22:10  Marine x2  
  196  22:11  Marauder  
  196  22:12  Ghost  
  197  22:19  Marine  
  197  22:20  Marine  
  197  22:21  Marine  
  192  22:26  Viking  
  192  22:28  Marine x2  
  179  22:32  Marauder  
  170  22:37  Marine  
  170  22:38  Marine  
  170  22:39  Marauder  
  170  22:41  Marauder  
  167  22:46  Marine  
  167  22:47  Marine  
  163  22:55  Marine  
Show
View Real Time Build Order
Export as new Build Order

Erik Zerg 

Build Orders: Hatch First 

Get SALT Encoding   

  12  0:00  Drone  
  13  0:08  Drone  
  14  0:15  Extractor, Drone  
  15  0:37  Hatchery  
  15  0:42  Extractor  
  13  0:43  Drone  
  13  0:48  Overlord  
  15  1:03  Spawning Pool  
  14  1:07  Drone  
  14  1:11  Drone  
  16  1:14  Drone  
  17  1:19  Drone  
  18  1:29  Drone  
  20  1:40  Drone  
  20  1:50  Queen x2  
  20  1:51  Zergling x2  
  25  1:55  Drone, Extractor  
  25  2:04  Drone  
  26  2:12  Hatchery  
  25  2:19  Overlord  
  25  2:21  Drone  
  26  2:27  Spore Crawler  
  24  2:32  Drone x3  
  28  2:41  Queen  
  30  2:46  Overlord  
  30  2:49  Drone  
  31  2:55  Drone x2  
  33  2:58  Drone  
  33  3:02  Drone x2  
  33  3:04  Drone  
  36  3:07  Drone  
  37  3:19  Roach Warren  
  36  3:21  Drone x2  
  36  3:25  Queen  
  40  3:29  Drone x2  
  42  3:35  Queen  
  42  3:40  Overlord  
  44  3:49  Drone x3  
  44  3:52  Drone  
  48  3:59  Roach x4  
  56  4:04  Overlord  
  56  4:07  Drone x2  
  56  4:09  Overlord  
  58  4:10  Overlord  
  58  4:13  Overlord  
  58  4:21  Spore Crawler  
  58  4:23  Spore Crawler  
  56  4:25  Ravager x2  
  56  4:26  Drone x5  
  63  4:32  Drone  
  63  4:35  Spore Crawler  
  63  4:42  Drone  
  63  4:43  Drone x6  
  63  4:45  Spore Crawler  
  69  4:50  Drone x4  
  73  4:53  Drone x3  
  73  4:58  Lair  
  76  5:02  Extractor  
  76  5:03  Extractor  
  76  5:04  Extractor x2  
  76  5:05  Extractor  
  76  5:06  Overlord  
  71  5:07  Drone x3  
  71  5:08  Drone  
  75  5:17  Drone x4  
  79  5:33  Drone  
  74  5:40  Drone x11  
  79  5:46  Drone  
  79  5:47  Drone  
  78  5:52  Drone  
  78  5:56  Overseer  
  76  5:58  Drone  
  76  5:59  Drone  
  78  6:07  Drone x3  
  78  6:09  Evolution Chamber x2  
  79  6:16  Drone  
  80  6:18  Drone  
  80  6:19  Drone x2  
  80  6:22  Roach  
  80  6:24  Glial Reconstitution  
  85  6:30  Hatchery  
  85  6:32  Roach x3  
  90  6:37  Zerg Missile Weapons Level 1  
  90  6:38  Zerg Ground Armor Level 1  
  90  6:39  Overlord x9  
  90  6:58  Roach x6  
  102  7:02  Ravager x2  
  102  7:03  Ravager  
  102  7:06  Roach  
  102  7:07  Roach x4  
  115  7:12  Drone  
  115  7:14  Drone x2  
  115  7:15  Drone  
  119  7:22  Drone x3  
  120  7:23  Hatchery  
  120  7:27  Roach  
  120  7:28  Roach x3  
  127  7:37  Overlord  
  127  7:39  Roach x6  
  127  7:43  Infestation Pit  
  138  7:46  Pneumatized Carapace  
  138  7:52  Roach x5  
  138  7:58  Extractor  
  147  8:01  Nydus Network  
  147  8:02  Overlord  
  147  8:03  Roach x5  
  156  8:11  Drone  
  157  8:14  Overlord  
  157  8:15  Roach  
  157  8:16  Roach x4  
  167  8:22  Pathogen Glands  
  164  8:39  Overlord  
  156  8:43  Drone  
  156  8:44  Drone  
  156  8:45  Overseer  
  156  8:46  Tunneling Claws, Burrow  
  156  8:47  Drone x2  
  156  8:48  Drone  
  161  8:49  Extractor  
  161  8:50  Metabolic Boost  
  160  8:57  Ravager x6  
  160  9:01  Zerg Missile Weapons Level 2  
  165  9:19  Infestor x2  
  169  9:26  Zergling x42  
  169  9:29  Nydus Canal  
  188  9:39  Roach x6  
  194  10:01  Roach x5  
  194  10:07  Roach x2  
  178  10:13  Drone x3  
  141  10:23  Roach x11  
  133  10:39  Roach  
  133  10:40  Roach x7  
  142  10:49  Drone x4  
  146  10:50  Queen  
  146  10:55  Ravager x4  
  146  10:56  Ravager  
  153  11:07  Drone  
  153  11:08  Drone x3  
  153  11:09  Spire  
  156  11:12  Drone x4, Spine Crawler x2  
  156  11:14  Spine Crawler, Infestor x2, Spore Crawler  
  156  11:16  Roach x2  
  156  11:17  Roach x4  
  156  11:18  Roach x3  
  160  11:19  Roach  
  160  11:30  Roach x11  
  172  11:35  Nydus Canal  
  168  11:44  Roach x5  
  168  11:45  Roach x2  
  172  11:51  Hive  
  172  12:00  Roach  
  172  12:17  Hatchery  
  172  12:21  Nydus Canal  
  172  12:22  Roach x3  
  171  12:23  Ravager, Roach  
  171  12:24  Ravager x8  
  180  12:36  Roach x5  
  180  12:37  Roach x5  
  194  13:07  Greater Spire  
  194  13:10  Drone x2  
  196  13:37  Roach x2  
  196  13:44  Roach  
  196  13:46  Corruptor x2  
  200  14:04  Nydus Canal  
  196  14:21  Corruptor x2  
  198  14:30  Hatchery, Zerg Ground Armor Level 2, Zerg Missile Weapons Level 3  
  195  14:44  Spire  
  183  15:14  Ravager x7  
  185  15:16  Zergling x28  
  185  15:17  Zergling x2  
  161  15:31  Roach x19  
  161  15:32  Roach x10  
  163  15:46  Roach x12  
  159  16:00  Greater Spire, Roach x22  
  159  16:01  Zergling x2  
  159  16:02  Zergling x6  
  159  16:03  Roach x3  
  159  16:12  Zergling x8  
  153  16:25  Roach x10  
  129  16:32  Ravager x2  
  110  16:35  Infestor x3, Roach  
  110  16:38  Nydus Canal  
  116  16:43  Queen x2  
  120  16:47  Roach x5  
  120  16:48  Roach x5  
  130  16:59  Nydus Canal  
  128  17:08  Roach x3  
  128  17:09  Roach x6  
  128  17:11  Ravager x5  
  133  17:31  Drone x6  
  133  17:32  Drone x4  
  133  17:35  Spore Crawler  
  142  17:38  Corruptor x2  
  142  17:43  Corruptor x2  
  148  17:49  Corruptor x2  
  152  17:57  Brood Lord x2  
  156  18:02  Brood Lord  
  158  18:11  Brood Lord x2  
  162  18:15  Brood Lord  
  162  18:16  Brood Lord  
  166  18:20  Viper x2  
  172  18:29  Infestor x3  
  178  18:36  Corruptor x2  
  178  18:40  Ravager x3  
  166  19:08  Roach Warren  
  151  19:22  Drone x2  
  151  19:23  Drone  
  154  19:25  Corruptor  
  154  19:26  Corruptor x3  
  161  19:33  Viper x2  
  156  19:51  Infestor x4  
  156  19:57  Drone x4  
  156  19:58  Drone x2  
  156  19:59  Drone x3  
  165  20:07  Roach x2  
  165  20:08  Roach x5  
  165  20:13  Overseer  
  165  20:14  Overseer x4  
  179  20:35  Brood Lord x5  
  189  20:42  Drone x2  
  190  20:43  Extractor x2  
  187  20:57  Corruptor  
  187  20:58  Corruptor x3  
  188  21:04  Hatchery  
  185  21:23  Spore Crawler  
  185  21:24  Spore Crawler  
  185  21:25  Spore Crawler x3  
  180  21:27  Spore Crawler  
  173  21:49  Roach x13  
  195  22:15  Roach  
  197  22:16  Roach  
  154  22:35  Roach  
  154  22:36  Roach x11  
  136  22:49  Roach  
  136  22:50  Roach x3  
Tags
 
Add a new tag
Caveats
  • Supply blocks, unpowered buildings, or Contaminate may cause inaccurate times.
  • Supply counts are checked every 10 seconds.